 Dungeon Crawl Stone Soup version 0.26-a0-597-gb535b0901c (webtiles) character file.

Game seed: 9703175285865111418

488 kae the Firebug (level 7, -10/36 HPs)
             Began as a Tengu Fire Elementalist on Aug 27, 2020.
             Shot with an arrow by a centaur (13 damage)
             ... on level 5 of the Dungeon.
             The game lasted 00:04:03 (5509 turns).

kae the Firebug (Tengu Fire Elementalist)           Turns: 5509, Time: 00:04:03

Health: -10/36     AC:  5    Str:  8    XL:     7   Next: 13%
Magic:  14/14      EV: 15    Int: 18    God:
Gold:   210        SH:  0    Dex: 14    Spells: 13/14 levels left

rFire    . . .     SeeInvis .   r - +0 spear
rCold    . . .     Faith    .   (no shield)
rNeg     . . .     Spirit   .   a - +0 robe
rPois    +         Reflect  .   (helmet restricted)
rElec    .         Harm     .   (no cloak)
rCorr    .                      j - +2 pair of gloves
MR       +....                  (boots unavailable)
Stlth    ++........             g - amulet of magic regeneration
HPRegen  0.12/turn              e - ring of protection from magic
MPRegen  0.39/turn              l - ring of poison resistance

@: flying quickly and evasively, very slightly contaminated, quick
A: beak, talons 3, able to fly
a: Stop Flying


You were on level 5 of the Dungeon.
You visited 1 branch of the dungeon, and saw 5 of its levels.

You collected 210 gold pieces.

Inventory:

Hand Weapons
 r - a +0 spear (weapon)
Armour
 a - a +0 robe (worn)
 j - a +2 pair of gloves (worn)
Jewellery
 e - a ring of protection from magic (left hand)
 g - an amulet of magic regeneration (around neck)
 l - a ring of poison resistance (right hand)
 m - a +6 ring of dexterity {unknown}
 n - a +6 ring of intelligence
Scrolls
 b - 5 scrolls of teleportation
 d - 2 scrolls of enchant weapon
 p - a scroll of amnesia
 u - a scroll of remove curse
Potions
 c - a potion of cancellation
 f - a potion of ambrosia
 h - a potion of mutation
 i - a potion of curing
 o - a potion of stabbing
 q - 2 potions of haste
 s - a potion of flight {unknown}


   Skills:
 - Level 2.1 Dodging
 - Level 2.0 Stealth
 + Level 4.2 Spellcasting
 + Level 5.5 Conjurations
 + Level 5.6 Fire Magic


You had 13 spell levels left.
You knew the following spells:

 Your Spells              Type           Power        Failure   Level
a - Foxfire               Conj/Fire      ###.         1%          1

Your spell library contained the following spells:

 Spells                   Type           Power        Failure   Level
 Conjure Flame            Conj/Fire      ###.....     4%          3
 Inner Flame              Hex/Fire       ##......     14%         3
 Sticky Flame             Conj/Fire      ###.....     14%         4
 Fireball                 Conj/Fire      ###.......   38%         5


Dungeon Overview and Level Annotations

Branches:
Dungeon (5/15)
 Temple: D:4-7

Altars:
Dithmenos
Fedhas
Hepliaklqana
Xom

Annotations:
D:3 2 transporters, exclusions: upstairs and 1 more exclusion, Lanoc's ghost, amateur DEEE


Innate Abilities, Weirdness & Mutations

You have a beak for a mouth.
You have claws for feet.
You can fly continuously.


Message History

The centaur wields a +0 shortbow.
The centaur shoots an arrow.
The arrow hits you!
The gnoll shouts!
Found a robe and 16 gold pieces.
You see here an arrow.
Casting: Foxfire (safe; 1% risk of failure)
Confirm with . or Enter, or press ? or * to list all spells.
You miscast Foxfire.
You are very lightly contaminated with residual magic.
Nothing appears to happen.
The centaur shoots an arrow.
The arrow hits you!
A hound comes into view.
A gnoll comes into view. It is wielding a +0 flail.
The gnoll moves out of view.
The centaur shoots an arrow.
The arrow hits you!
* * * LOW HITPOINT WARNING * * *
You see here an arrow.
The centaur shoots an arrow.
The arrow completely misses you.
You see here an arrow.
The centaur shoots an arrow.
The arrow hits you!
You die...

....... g.ha...
......c .......
###### .<.....
#....#
......c######....#
.....oa...((@....#
.$....l(#####.<..#
........# ##.###
......... #..##
.?.....l.. ##..#
........... ##.#
....(..###.[ #.###
##..#.^ #.# #...#
##$..# .# #.>.#


You could see a centaur, an iguana, a worker ant and an orc.

Vanquished Creatures
  2 ogres (D:4)
  2 scorpions
  A gnoll shaman (D:2)
  A worker ant (D:2)
  3 gnolls (D:3)
  5 adders
  An ooze (D:3)
  2 worms
  4 dart slugs
  2 leopard geckos (D:2)
  7 orcs
  A ball python (D:1)
  3 giant cockroaches
  11 goblins
  8 hobgoblins
  3 jackals (D:3)
  9 kobolds
  A quokka (D:2)
  5 bats
  4 frilled lizards
  A leopard gecko zombie (D:4)
  8 rats
84 creatures vanquished.

Vanquished Creatures (others)
  262 foxfires
262 creatures vanquished.

Grand Total: 346 creatures vanquished

Notes
Turn   | Place    | Note
-------+----------+-------------------------------------------
     0 | D:1      | kae the Tengu Fire Elementalist began the quest for the
                  | Orb.
     0 | D:1      | Reached XP level 1. HP: 10/10 MP: 4/4
   438 | D:1      | Reached XP level 2. HP: 15/15 MP: 4/6
  1250 | D:1      | Reached XP level 3. HP: 19/19 MP: 4/7
  1514 | D:2      | Found a shadowy altar of Dithmenos.
  1890 | D:2      | Reached XP level 4. HP: 4/24 MP: 2/9
  2137 | D:2      | Found a hazy altar of Hepliaklqana.
  2137 | D:2      | Found a blossoming altar of Fedhas.
  2142 | D:2      | Found a shimmering altar of Xom.
  2866 | D:3      | Gained mutation: You can fly continuously. [Tengu growth]
  2866 | D:3      | Reached XP level 5. HP: 28/28 MP: 8/10
  2871 | D:3      | Found a transporter.
  2924 | D:3      | Found a transporter.
  2927 | D:3      | Noticed Lanoc's ghost (amateur DEEE)
  2927 | D:3      | Identified the +5 great mace of Earthquakes {freeze, MR+
                  | Str+3 Int+4 Stlth-}
  2927 | D:3      | Noticed an ogre
  4043 | D:4      | Reached skill level 5 in Fire Magic
  4043 | D:4      | Reached XP level 6. HP: 32/32 MP: 9/12
  4445 | D:4      | HP: 1/32 [ogre/cursed -2 giant spiked club (31)]
  4446 | D:4      | Reached skill level 5 in Conjurations
  5006 | D:4      | Reached XP level 7. HP: 36/36 MP: 12/14
  5474 | D:5      | Entered Level 5 of the Dungeon
  5509 | D:5      | Shot with an arrow by a centaur

Illustrated notes

Levels and vault maps discovered:
D:1:      tarquinn_simple_flora_water_b, layout_loops_corners
D:2:      layout_rooms, nicolae_overflow_hidden_temple,
          grunt_temple_overflow_open, wad_orctagon
D:3:      minmay_spotlight, layout_basic, gammafunk_ghost_smash,
          hex_intersection
D:4:      layout_basic, grunt_ministairs_8, grunt_decor_mini_mirrors,
          nicolae_zen_rock_garden, kennysheep_diamond, kennysheep_generic_room_3
D:5:      layout_rooms, lemuel_blue_sif_altar, temple_doors_e, serial_shops,
          shop

Skill      XL: |  1  2  3  4  5  6 |
---------------+-------------------+-----
Conjurations   | 2 3 4 5 |  5.5
Fire Magic     | 4 5 |  5.6
Spellcasting   | 3 4 |  4.2
Dodging        | |  2.1
Stealth        | |  2.0

Action                   |  1- 3 |  4- 6 |  7- 9 || total
-------------------------+-------+-------+-------++-------
Melee: Unarmed           |    19 |    24 |       ||    43
       Kick              |     5 |     5 |       ||    10
       Peck              |     3 |     5 |       ||     8
       Spear             |       |    10 |       ||    10
 Cast: Foxfire           |    54 |    87 |     8 ||   149
 Abil: Fly               |       |     1 |       ||     1
  Use: Scroll            |     4 |     8 |     3 ||    15
 Stab: Sleeping          |       |     2 |       ||     2
Armor: Robe              |     7 |     7 |       ||    14
Dodge: Dodged            |    28 |    30 |     1 ||    59

Table legend: (Time is in decaauts)
 A = Elapsed time spent in this place.
 B = Non-inter-level travel time spent in this place.
 C = Inter-level travel time spent in this place.
 D = Time resting spent in this place.
 E = Time spent auto-exploring this place.
 F = Levels seen in this place.
 G = Mean time per level.
                   A        B        C        D        E       F      G
               +--------+--------+--------+--------+--------+-----+--------+
         Total |   5447 |   5350 |     97 |    913 |   3756 |   5 | 1089.4 |
       Dungeon |   5447 |   5350 |     97 |    913 |   3756 |   5 | 1089.4 |
               +--------+--------+--------+--------+--------+-----+--------+

Top non-repeatable levels by time:
     D:2: 1460 daAuts
     D:1: 1410 daAuts
     D:4: 1381 daAuts
     D:3: 1162 daAuts
     D:5: 32 daAuts
